 Dungeon Crawl Stone Soup version 0.29-a0-512-gf59ac788ac (webtiles) character file.

Game seed: 2676285708605647529

28 ytrimaz the Skirmisher (level 3, -1/29 HPs)
             Began as a Demonspawn Fighter on May 29, 2022.
             Slain by a gnoll
             ... wielding a +0 flail
              (4 damage)
             ... on level 1 of the Dungeon.
             The game lasted 00:01:40 (1499 turns).

ytrimaz the Skirmisher (Demonspawn Fighter)         Turns: 1499, Time: 00:01:41

Health: -1/29      AC:  6    Str: 16    XL:     3   Next: 0%
Magic:  3/3        EV:  8    Int: 13    God:
Gold:   85         SH:  4    Dex: 12    Spells: 2/2 levels left

rFire   . . .      SeeInvis .   a - +0 rapier
rCold   . . .      Faith    .   c - +0 buckler
rNeg    . . .      Spirit   .   b - +0 scale mail
rPois   .          Reflect  .   (no helmet)
rElec   .          Harm     .   (no cloak)
rCorr   .          Rampage  .   (no gloves)
Will    .....                   (no boots)
Stlth   ..........              (no amulet)
HPRegen 0.09/turn               (no ring)
MPRegen 0.08/turn               (no ring)

@: mighty
A: big brain 1
a: no special abilities


You were on level 1 of the Dungeon.
You visited 1 branch of the dungeon, and saw 2 of its levels.

You collected 85 gold pieces.

Inventory:

Hand Weapons
 a - a +0 rapier (weapon)
Armour
 b - a +0 scale mail (worn)
 c - a +0 buckler (worn)
Scrolls
 e - a scroll of identify {unknown}


   Skills:
 - Level 3.2 Fighting
 + Level 2.1 Short Blades
 - Level 3.0 Armour
 + Level 3.0 Shields
 * Level 0.3 Spellcasting


You had 2 spell levels left.
You didn't know any spells.
Your spell library contained the following spells:

 Spells                   Type           Power      Damage    Failure   Level
 Apportation              Tloc           0%         N/A       80%         1
 Necrotize                Necr           0%         1d4       80%         1
 Summon Small Mammal      Summ           0%         N/A       80%         1
 Gell's Gravitas          Tloc           0%         N/A       99%         3
 Teleport Other           Tloc           0%         N/A       99%         3
 Dispersal                Tloc           0%         N/A       100%        6


Dungeon Overview and Level Annotations

Branches:
Dungeon (2/15)

Altars:


Innate Abilities, Weirdness & Mutations

You have an unusually large brain. (Int +2)


Message History

The bat hits you but does no damage. The rat closely misses you.
You hit the bat.
You kill the bat!
The rat barely misses you.
Items here: )) ††.
You closely miss the rat. You block the rat's attack.
You puncture the rat!
You kill the rat!
You block the gnoll's attack. The endoplasm freezes you.
You are frozen.
You puncture the endoplasm!
You kill the endoplasm!
The gnoll hits you from afar with a +0 spear!
You have reached level 3!
Your experience leads to an increase in your attributes!
Increase (S)trength, (I)ntelligence, or (D)exterity?
You feel clever. x2
Unknown command.
The gnoll hits you with a +0 flail.
* * * LOW HITPOINT WARNING * * *
The gnoll hits you with a +0 spear.
* * * LOW HITPOINT WARNING * * *
Unknown command.
The gnoll hits you but does no damage.
Items here: )) ††.
The gnoll attacks as you move away! The gnoll hits you with a +0 flail.
* * * LOW HITPOINT WARNING * * *
The gnoll attacks as you move away! You block the gnoll's attack.
A gnoll comes into view. It is wielding a +0 whip.
The gnoll shouts!
The gnoll attacks as you move away! You block the gnoll's attack.
The gnoll attacks as you move away! The gnoll barely misses you.
There is a stone staircase leading up here.
You can't go down here!
The gnoll barely misses you.
You climb upwards.
There is a stone staircase leading down here.
The gnoll attacks as you move away! The gnoll hits you with a +0 flail.
You die...

........######.#
#.....#.# #.#
...#.##.# #.#
##......# #.####
###.#### #....#
##+## #..#.# ##...##
####...## ##.....##
#.......# #.......##
#.#.#@#.#
.........###....g#.#
.........'.........#
.........###....#..#
#.......## #.#.##..#
##.....#####.####..#
#..)..(..##.......#
#.#'####.#######.##
##.#.# #.# #.#


You could see a gnoll.

Vanquished Creatures
  2 endoplasms
  2 giant cockroaches
  3 goblins
  A hobgoblin (D:1)
  4 jackals (D:1)
  3 kobolds (D:1)
  4 ball pythons
  2 bats
  A frilled lizard (D:1)
  2 rats
24 creatures vanquished.

Notes
Turn   | Place    | Note
-------+----------+-------------------------------------------
     0 | D:1      | ytrimaz the Demonspawn Fighter began the quest for the Orb.
     0 | D:1      | Reached XP level 1. HP: 18/18 MP: 1/1
   355 | D:1      | Gained mutation: You have an unusually large brain. (Int
                  | +2) [demonic ancestry]
   355 | D:1      | Reached XP level 2. HP: 24/24 MP: 2/2
  1480 | D:2      | Reached XP level 3. HP: 12/29 MP: 3/3
  1482 | D:2      | HP: 1/29 [gnoll/+0 flail (3)]
  1499 | D:1      | Slain by a gnoll

Illustrated notes

Levels and vault maps discovered:
D:1:      dpeg_arrival_arbitrary_b, layout_loops_corners
D:2:      layout_basic, chequers_serial_rivers_small_a,
          minmay_tree_intersection, minmay_circle_x

Skill      XL: |  1  2 |
---------------+-------+-----
Armour         | 3 |  3.0
Short Blades   | 2 |  2.1
Shields        | 3 |  3.0
Fighting       | |  3.2
Spellcasting   | |  0.3

Action                   || total
-------------------------++-------
Melee: Rapier            ||    81
  Use: Scroll            ||     3
       Potion            ||     1
Armor: Scale mail        ||    46
Dodge: Dodged            ||    56
Block: Buckler           ||    27

Table legend: (Time is in decaauts)
 A = Elapsed time spent in this place.
 B = Non-inter-level travel time spent in this place.
 C = Inter-level travel time spent in this place.
 D = Time resting spent in this place.
 E = Time spent auto-exploring this place.
 F = Levels seen in this place.
 G = Mean time per level.
                   A        B        C        D        E       F      G
               +--------+--------+--------+--------+--------+-----+--------+
         Total |   1511 |   1482 |     29 |      0 |   1254 |   2 |  755.5 |
       Dungeon |   1511 |   1482 |     29 |      0 |   1254 |   2 |  755.5 |
               +--------+--------+--------+--------+--------+-----+--------+

Top non-repeatable levels by time:
     D:1: 1303 daAuts
     D:2: 208 daAuts
